 Dungeon Crawl Stone Soup version 0.30.0-29-ga12c61a403 (webtiles) character file.

Game seed: 3916494984613020592

81 Graphine the Sneak (level 4, -10/35 HPs)
             Began as a Merfolk Brigand on June 22, 2023.
             Mangled by an ice beast (13 damage)
             ... on level 3 of the Dungeon.
             The game lasted 00:04:05 (2404 turns).

Graphine the Sneak (Merfolk Brigand)                Turns: 2404, Time: 00:04:10

Health: -10/35     AC:  4    Str: 11    XL:     4   Next: 40%
Magic:  4/4        EV: 13    Int: 10    God:
Gold:   83         SH:  0    Dex: 17    Spells: 3/3 levels left

rFire   . . .        l - +1 dagger (speed)
rCold   . . .        (no shield)
rNeg    . . .        b - +0 robe
rPois   .            (helmet restricted)
rElec   .            c - +0 cloak
rCorr   .            h - +0 pair of gloves
SInv    .            (no boots)
Will    .....        (no amulet)
Stlth   +++          (no ring)
HPRegen 0.25/turn    (no ring)
MPRegen 0.09/turn

%: no passive effects
@: no status effects
A: (nimble swimmer 2), mertail, horns 1, devolution 1
a: no special abilities


You were on level 3 of the Dungeon.
You visited 1 branch of the dungeon, and saw 3 of its levels.

You collected 83 gold pieces.

Inventory:

Hand Weapons
 a - a +2 dagger
 l - a +1 dagger of speed (weapon)
Armour
 b - a +0 robe (worn)
 c - a +0 cloak (worn)
 h - a +0 pair of gloves (worn)
Jewellery
 g - a ring of ice
Scrolls
 f - 2 scrolls of identify
 j - a scroll of immolation
Potions
 i - a potion of brilliance
 k - a potion of cancellation
 q - a potion of flight {unknown}


   Skills:
 * Level 3.1 Fighting
 - Level 2.4(2.8) Short Blades
 * Level 2.0(2.6) Long Blades
 + Level 2.5 Throwing
 * Level 2.8 Dodging
 + Level 4.7 Stealth


You had 3 spell levels left.
You didn't know any spells.
Your spell library was empty.

Dungeon Overview and Level Annotations

Branches:
Dungeon (3/15)

Altars:


Innate Abilities, Weirdness & Mutations

((You are very nimble when in or above water. (Stealth+, EV+, Speed+++)))
Your lower body shifts to a powerful aquatic tail in water.
You have a pair of small horns on your head.
You have hidden genetic defects.


Message History

The ice beast is moderately wounded.
You barely miss the ice beast.
The ice beast is moderately wounded.
The ice beast hits you. The ice beast freezes you!
You hit the ice beast.
The ice beast is heavily wounded.
You throw a poisoned dart. The poisoned dart hits the ice beast!
The ice beast is heavily wounded.
The ice beast hits you. The ice beast freezes you!
You are too injured to fight recklessly!
You are too injured to fight recklessly!
You are too injured to fight recklessly!
Throw: 2 darts (poison)
Press: ? - help, Q - select action Shift-Dir - straight line, f/p - ice beast
Aim: an ice beast (heavily wounded, poisoned, 62% to hit)
You throw a poisoned dart. The poisoned dart hits the ice beast.
The ice beast looks even sicker.
The ice beast is heavily wounded.
The ice beast hits you. The ice beast freezes you.
* * * LOW HITPOINT WARNING * * *
Throw: dart (poison)
Press: ? - help, Q - select action Shift-Dir - straight line, f/p - ice beast
Aim: an ice beast (heavily wounded, very poisoned, 62% to hit)
You throw a poisoned dart.
The poisoned dart closely misses the ice beast.
The ice beast hits you but does no damage.
You are too injured to fight recklessly!
Hit: l) +1 dagger (speed)
Press: ? - help, Dir - move target, f/p - ice beast
Aim: an ice beast (heavily wounded, very poisoned, about 33% to evade your +1 dagger of speed)
You closely miss the ice beast.
The ice beast is heavily wounded.
The ice beast completely misses you.
It was a potion of mutation.
You feel extremely strange. A pair of horns grows on your head!
You feel a hidden malignance growing inside you.
The ice beast hits you.
* * * LOW HITPOINT WARNING * * *
The ice beast freezes you!
You die...

#.# #.....(...#
#.#
#(###.##.#######
#># #.#
#..........#
#.#####.#
####.#####.#
#......(# #..#
#######(# ##รท#
#(# #.# #Y# #)#
#@# #)# #.# #)#
#.# #)# #.# #.#
### #####.# #.#
..# #.....#
##.## #<#
#.##### ##[..##
#.# #.#
##.#.#.## #.#
#.#
###.##.##.###.#


You could see an ice beast (very poisoned).

Vanquished Creatures
  Robin (D:3)
  An adder (D:2)
  A worm (D:2)
  6 bats
  3 giant cockroaches
  10 goblins
  7 hobgoblins
  6 quokkas
  3 ball pythons
  3 frilled lizards
  8 kobolds
  6 rats
55 creatures vanquished.

Notes
Turn   | Place    | Note
-------+----------+-------------------------------------------
     0 | D:1      | Graphine the Merfolk Brigand began the quest for the Orb.
     0 | D:1      | Reached XP level 1. HP: 16/16 MP: 1/1
   289 | D:1      | Reached XP level 2. HP: 23/23 MP: 2/2
   747 | D:1      | Reached skill level 1 in Long Blades
   889 | D:2      | Reached XP level 3. HP: 28/28 MP: 3/3
  1835 | D:3      | Reached XP level 4. HP: 33/35 MP: 4/4
  1844 | D:3      | Noticed Robin
  1853 | D:3      | Killed Robin
  2086 | D:3      | Noticed an ice beast
  2404 | D:3      | Gained mutation: You have a pair of small horns on your
                  | head. [potion of mutation]
  2404 | D:3      | Gained mutation: You have hidden genetic defects. [potion
                  | of mutation]
  2404 | D:3      | Mangled by an ice beast

Illustrated notes

Levels and vault maps discovered:
D:1:      dpeg_chamrin_arrival_tetris, layout_basic
D:2:      layout_loops_ring, grunt_ministairs_13, hangedman_decor_slide_cut
D:3:      layout_loops_ring, minmay_crystal_water, uniq_robin

Skill      XL: |  1  2  3  4 |
---------------+-------------+-----
Dodging        | 2 |  2.8
Long Blades    | 1 2 |  2.0
Fighting       | 3 |  3.1
Short Blades   | |  2.4
Throwing       | |  2.5
Stealth        | |  4.7

Action                     |  1- 3 |  4- 6 || total
---------------------------+-------+-------++-------
  Melee: Dagger            |    92 |    43 ||   135
         Punch             |     1 |       ||     1
  Throw: Dart              |     5 |    18 ||    23
    Use: Scroll            |     8 |       ||     8
         Potion            |       |     2 ||     2
   Stab: Sleeping          |    18 |     1 ||    19
 Armour: Robe              |    25 |     4 ||    29
  Dodge: Dodged            |    61 |    19 ||    80
